 Dungeon Crawl Stone Soup version 0.29-a0-993-g4a18f31a58 (webtiles) character file.

Game seed: 14399322873929524497

319 zishaf the Sneak (level 6, 0/32 HPs)
             Began as a Vine Stalker Brigand on Aug 2, 2022.
             Constricted to death by Natasha (2 damage)
             ... on level 3 of the Dungeon.
             The game lasted 00:03:32 (2065 turns).

zishaf the Sneak (Vine Stalker Brigand)             Turns: 2065, Time: 00:03:32

Health: 0/32       AC:  8    Str: 13    XL:     6   Next: 46%
Magic:  0/7        EV:  7    Int: 11    God:
Gold:   114        SH:  0    Dex: 18    Spells: 5/5 levels left

rFire   . . .      SeeInvis .   a - +2 dagger
rCold   . . .      Faith    .   (no shield)
rNeg    . . .      Spirit   +   r - +0 ring mail
rPois   .          Reflect  .   j - +0 helmet
rElec   .          Harm     .   c - +0 cloak
rCorr   .          Rampage  .   q - +0 pair of gloves
Will    .....                   (no boots)
Stlth   +++.......              (no amulet)
HPRegen 0.90/turn               (no ring)
MPRegen 0.10/turn               (no ring)

@: grasped by roots, constricted
A: fangs 2, regeneration 1, magic shield, antimagic bite, no potion heal 2
a: no special abilities


You were on level 3 of the Dungeon.
You visited 1 branch of the dungeon, and saw 3 of its levels.

You collected 153 gold pieces.
You spent 39 gold pieces at shops.

Inventory:

Hand Weapons
 a - a +2 dagger (weapon)
Missiles
 b - 2 throwing nets
 d - 12 poisoned darts (quivered)
 e - 3 curare-tipped darts
 k - 2 boomerangs
Armour
 c - a +0 cloak (worn)
 j - a +0 helmet (worn)
 q - a +0 pair of gloves (worn)
 r - a +0 ring mail (worn)
Scrolls
 g - a scroll of enchant armour {unknown}
 h - a scroll of noise {unknown}
 o - a scroll of identify {unknown}
 p - a scroll of magic mapping {unknown}
Potions
 f - a potion of brilliance {unknown}
 i - 2 potions of curing {unknown}
 l - a potion of attraction {unknown}
 m - a potion of lignification
 n - 2 potions of heal wounds
 s - a potion of resistance {unknown}
 t - a potion of haste {unknown}


   Skills:
 + Level 3.5 Fighting
 + Level 3.3 Short Blades
 + Level 3.3 Throwing
 - Level 1.0 Dodging
 + Level 6.0 Stealth


You had 5 spell levels left.
You didn't know any spells.
Your spell library was empty.

Dungeon Overview and Level Annotations

Branches:
Dungeon (3/15)

Altars:

Shops:
D:1 *

Annotations:
D:3 Natasha


Innate Abilities, Weirdness & Mutations

You have extremely sharp teeth.
Your natural rate of healing is unusually fast.
When hurt, damage is shared between your health and your magic reserves.
Your bite disrupts and absorbs the magic of your enemies.
Potions cannot restore your health.


Message History

You kill the adder!
The grasping roots constrict you.
The roots grasp on you weakens, but your attempt to escape fails.
The grasping roots constrict you.
You escape the roots grasp.
Natasha closely misses you.
You see here an adder corpse.
You barely miss Natasha.
Natasha zaps a wand.
The roots erupt in riotous growth!
The grasping roots grab you!
Natasha is unaffected.
The grasping roots constrict you!
You closely miss Natasha. You bite Natasha, but do no damage.
Natasha claws you! The grasping roots constrict you.
You are too injured to fight recklessly!
You are too injured to fight recklessly!
You closely miss Natasha. You bite Natasha.
Natasha's magic leaks into the air.
You drain her magic.
You feel invigorated.
Natasha is lightly wounded.
Natasha claws you but does no damage. The grasping roots constrict you.
You miss Natasha.
Natasha is lightly wounded.
Natasha's magic is no longer disrupted.
Natasha claws you!
* * * LOW HITPOINT WARNING * * *
The grasping roots constrict you.
* * * LOW HITPOINT WARNING * * *
The grasping roots release their grip on you.
You barely miss Natasha.
Natasha is lightly wounded.
Okay, then.
You hit Natasha but do no damage. Your bite misses Natasha.
Natasha is lightly wounded.
Natasha zaps a wand.
The roots erupt in riotous growth!
The grasping roots grab you!
Natasha is unaffected.
The grasping roots constrict you.
* * * LOW HITPOINT WARNING * * *
You barely miss Natasha. Your punch misses Natasha.
Natasha is lightly wounded.
Natasha wildly gestures.
Natasha glows brightly for a moment.
Natasha closely misses you. The grasping roots constrict you.
You die...

####......##.#.....# #
#......##.#.##### #
##......##.#.# #
#..........#.#####.###
#................#....
#...........##.....#
###..........>.+.....#
#...........####.....#
#.########### #@....#
..# #h....# ..#
......# ..# .......#
### .....?..# #
.........# #.........#
#.......###


You could see Natasha.

Vanquished Creatures
  Grinder (D:3)
  An iguana (D:3)
  Natasha (D:3)
  3 gnolls (D:3)
  2 adders (D:3)
  2 worms
  A dart slug (D:1)
  An orc (D:3)
  2 ball pythons
  2 endoplasms (D:1)
  A giant cockroach (D:2)
  3 goblins
  5 hobgoblins
  5 quokkas
  6 bats
  4 frilled lizards
  4 kobolds
  5 rats
49 creatures vanquished.

Notes
Turn   | Place    | Note
-------+----------+-------------------------------------------
     0 | D:1      | zishaf the Vine Stalker Brigand began the quest for the
                  | Orb.
     0 | D:1      | Reached XP level 1. HP: 11/11 MP: 2/2
   311 | D:1      | Reached skill level 1 in Dodging
   311 | D:1      | Reached XP level 2. HP: 15/15 MP: 3/3
   316 | D:1      | Reached skill level 5 in Stealth
   573 | D:1      | Found Uxzet's General Store.
   628 | D:1      | Bought a potion of lignification for 39 gold pieces
   946 | D:2      | Reached XP level 3. HP: 13/18 MP: 4/4
  1775 | D:3      | Noticed Grinder
  1780 | D:3      | Killed Grinder
  1781 | D:3      | Reached skill level 6 in Stealth
  1781 | D:3      | Gained mutation: Your natural rate of healing is unusually
                  | fast. [Vine Stalker growth]
  1781 | D:3      | Reached XP level 4. HP: 24/24 MP: 5/5
  1781 | D:3      | Reached XP level 5. HP: 28/28 MP: 6/6
  1801 | D:3      | Reached XP level 6. HP: 32/32 MP: 7/7
  1981 | D:3      | Noticed Natasha
  1993 | D:3      | Killed Natasha
  2048 | D:3      | Noticed Natasha
  2062 | D:3      | HP: 1/32 [constriction (6)]
  2065 | D:3      | Constricted to death by Natasha

Illustrated notes

Levels and vault maps discovered:
D:1:      amcnicky_arrival_wind_blow, layout_rooms, serial_shops,
          nicolae_square_shop, hex_large, minmay_misc_feat_four_crosses
D:2:      layout_basic, palyth_stone_intersect
D:3:      layout_basic, serial_corexii_hall, chequers_hall_statues_y,
          chequers_hall_statues_corner_a, basic_ecumenical_altar,
          minmay_stone_trees_small, uniq_robin, uniq_natasha, uniq_grinder,
          uniq_jessica, uniq_sigmund

Skill      XL: |  1  2  3 |
---------------+----------+-----
Dodging        | 1 |  1.0
Stealth        | 5 6 |  6.0
Fighting       | 2 3 |  3.5
Short Blades   | 2 3 |  3.3
Throwing       | 2 3 |  3.3

Action                   |  1- 3 |  4- 6 || total
-------------------------+-------+-------++-------
Melee: Dagger            |    91 |    57 ||   148
       Bite              |    20 |    16 ||    36
       Punch             |     2 |     2 ||     4
Throw: Dart              |       |     3 ||     3
  Use: Potion            |       |     1 ||     1
 Stab: Sleeping          |    10 |       ||    10
Armor: Robe              |     8 |       ||     8
       Leather armour    |    23 |       ||    23
       Ring mail         |       |    10 ||    10
       Skin              |       |     2 ||     2
Dodge: Dodged            |    47 |    21 ||    68

Table legend: (Time is in decaauts)
 A = Elapsed time spent in this place.
 B = Non-inter-level travel time spent in this place.
 C = Inter-level travel time spent in this place.
 D = Time resting spent in this place.
 E = Time spent auto-exploring this place.
 F = Levels seen in this place.
 G = Mean time per level.
                   A        B        C        D        E       F      G
               +--------+--------+--------+--------+--------+-----+--------+
         Total |   2046 |   2001 |     45 |      2 |   1600 |   3 |  682.0 |
       Dungeon |   2046 |   2001 |     45 |      2 |   1600 |   3 |  682.0 |
               +--------+--------+--------+--------+--------+-----+--------+

Top non-repeatable levels by time:
     D:2: 893 daAuts
     D:1: 872 daAuts
     D:3: 280 daAuts
